 Dungeon Crawl Stone Soup version 0.27.1-2-g3b301248ec (webtiles) character file.

Game seed: 14816935163658146876

38 CuBeRJAN3 the Magician (level 3, 0/20 HPs)
             Began as a Deep Elf Fire Elementalist on Oct 4, 2021.
             Succumbed to an adder's poison
             ... on level 2 of the Dungeon.
             The game lasted 00:04:08 (1487 turns).

CuBeRJAN3 the Magician (Deep Elf Fire Elementalist) Turns: 1487, Time: 00:04:09

Health: 0/20       AC:  2    Str:  5    XL:     3   Next: 25%
Magic:  8/10       EV: 12    Int: 20    God:
Gold:   33         SH:  0    Dex: 15    Spells: 8/9 levels left

rFire    . . .     SeeInvis .   d - +0 dagger
rCold    . . .     Faith    .   (no shield)
rNeg     . . .     Spirit   .   a - +0 robe
rPois    .         Reflect  .   (no helmet)
rElec    .         Harm     .   (no cloak)
rCorr    .         Rampage  .   (no gloves)
Will     .....                  (no boots)
Stlth    ++........             (no amulet)
HPRegen  0.06/turn              (no ring)
MPRegen  0.12/turn              (no ring)

@: lethally poisoned (0 -> -3)
A: no striking features
a: no special abilities


You were on level 2 of the Dungeon.
You visited 1 branch of the dungeon, and saw 2 of its levels.

You collected 33 gold pieces.

Inventory:

Hand Weapons
 d - a +0 dagger (weapon)
Armour
 a - a +0 robe (worn)
Scrolls
 c - a scroll of identify {unknown}
 g - a scroll of noise {unknown}
 i - a scroll of blinking {unknown}
Potions
 b - a potion of flight {unknown}
 e - a potion of lignification {unknown}
 f - a potion of ambrosia {unknown}
 h - a potion of brilliance {unknown}


   Skills:
 + Level 0.7 Fighting
 - Level 2.5 Dodging
 + Level 2.9 Stealth
 * Level 3.8 Spellcasting
 + Level 1.6 Conjurations
 + Level 3.5 Fire Magic


You had 8 spell levels left.
You knew the following spells:

 Your Spells              Type           Power      Damage    Failure   Level
a - Foxfire               Conj/Fire      56%        2x1d6     4%          1

Your spell library contained the following spells:

 Spells                   Type           Power      Damage    Failure   Level
 Conjure Flame            Conj/Fire      14%        6-21      14%         3
 Inner Flame              Hex/Fire       10%        N/A       19%         3
 Sticky Flame             Conj/Fire      14%        2d4       41%         4
 Fireball                 Conj/Fire      7%         3d5       77%         5


Dungeon Overview and Level Annotations

Branches:
Dungeon (2/15)

Altars:


Message History

You conjure some foxfire!
The adder barely misses you.
You miss the adder.
The foxfire hits the adder.
The adder is moderately wounded.
The adder closely misses you. The adder bites you.
Your foxfire dissipates!
Found a book of Party Tricks.
Found a stone staircase leading up.
The adder bites you.
You are poisoned.
The adder poisons you!
You feel sick.
Found a scroll labelled GISIFANICW.
You feel sick.
Casting: Foxfire (safe; 4% risk of failure)
Press: ? - help, Q - select action Dir - look around, f - activate You conjure some foxfire!
You feel sick. The adder barely misses you. The adder closely misses you.
You feel sick.
The foxfire hits the adder.
The adder is heavily wounded.
The foxfire hits the adder.
The adder is severely wounded.
The adder closely misses you.
Casting: Foxfire (safe; 4% risk of failure)
Press: ? - help, Q - select action Dir - look around, f - activate You conjure some foxfire!
You feel sick. The adder bites you.
* * * LOW HITPOINT WARNING * * *
You are lethally poisoned!
The adder poisons you!
Your foxfire dissipates!
Found a stone staircase leading down.
* * * LOW HITPOINT WARNING * * *
You feel sick.
The foxfire hits the adder.
You kill the adder!
* * * LOW HITPOINT WARNING * * *
You feel sick.
* * * LOW HITPOINT WARNING * * *
You feel sick.
* * * LOW HITPOINT WARNING * * *
You feel sick.
You die...

.. #...?#.# ##.. #.##.#.#
... #.##.#.# #.
##..#.##.#.# #.#
#<..#.##.#.# # #.#
.......:..### #.#..
#####.#.##.....# #.#.#
>..........@.#.# ....
.#######..##.#.#
###.###### ##.##.#.#
#......... #.##.#.#
#.#.###### #..#.#.# #.#
##.#.#.######.#
###.##.#.#........####
.........................
...#.##..#####.##########


There were no monsters in sight!

Vanquished Creatures
  An adder (D:2)
  2 ball pythons (D:1)
  2 giant cockroaches (D:1)
  4 goblins (D:1)
  2 hobgoblins (D:1)
  3 jackals (D:1)
  3 kobolds (D:1)
  2 quokkas (D:1)
  3 bats
  A frilled lizard (D:1)
  3 rats (D:1)
26 creatures vanquished.

Vanquished Creatures (others)
  64 foxfires
64 creatures vanquished.

Grand Total: 90 creatures vanquished

Notes
Turn   | Place    | Note
-------+----------+-------------------------------------------
     0 | D:1      | CuBeRJAN3 the Deep Elf Fire Elementalist began the quest
                  | for the Orb.
     0 | D:1      | Reached XP level 1. HP: 10/10 MP: 6/6
   223 | D:1      | Reached XP level 2. HP: 8/15 MP: 2/8
   433 | D:1      | Found a faded altar of an unknown god.
  1436 | D:2      | Reached XP level 3. HP: 20/20 MP: 8/10
  1486 | D:2      | HP: 1/20 [poisoned by an adder]
  1487 | D:2      | Succumbed to an adder's poison

Illustrated notes

Levels and vault maps discovered:
D:1:      minmay_arrival_open_corners, layout_loops_ring, basic_ecumenical_altar
D:2:      layout_basic, kennysheep_generic_room_15

Action                   || total
-------------------------++-------
Melee: Dagger            ||    14
 Cast: Foxfire           ||    43
Armor: Robe              ||     5
Dodge: Dodged            ||    41
